 Dungeon Crawl Stone Soup version 0.31-a0-188-g5e087ee2ca (webtiles) character file.

Game seed: 15436168103336141935

48 qw the Shooter (level 3, 0/20 HPs)
             Began as a Deep Elf Hunter on June 23, 2023.
             Slain by Duvessa
             ... wielding a +0 short sword
              (4 damage)
             ... on level 4 of the Dungeon.
             The game lasted 00:00:26 (1005 turns).

qw the Shooter (Deep Elf Hunter)                    Turns: 1005, Time: 00:00:27

Health: 0/20       AC:  3    Str: 10    XL:     3   Next: 50%
Magic:  0/5        EV: 12    Int: 13    God:
Gold:   71         SH:  0    Dex: 18    Spells: 2/2 levels left

rFire   . . .        Y - +0 shortbow
rCold   . . .        (shield currently unavailable)
rNeg    . . .        c - +0 leather armour
rPois   .            (no helmet)
rElec   .            (no cloak)
rCorr   .            (no gloves)
SInv    .            (no boots)
Will    .....        f - amulet of guardian spirit
Stlth   ++           (no ring)
HPRegen 0.23/turn    (no ring)
MPRegen 0.09/turn

%: guardian spirit
@: no status effects
A: no striking features
a: no special abilities


You were on level 4 of the Dungeon.
You visited 1 branch of the dungeon, and saw 3 of its levels.

You collected 71 gold pieces.


   Skills:
 - Level 1.5 Fighting
 + Level 7.0 Ranged Weapons
 - Level 2.4 Dodging
 - Level 1.2 Stealth


You had 2 spell levels left.
You didn't know any spells.
Your spell library was empty.

Inventory:

Hand Weapons
 Y - a +0 shortbow (weapon)
Armour
 c - a +0 leather armour (worn)
Jewellery
 f - an amulet of guardian spirit (around neck)
Scrolls
 a - a scroll of fog {unknown}
 i - a scroll of blinking {unknown}
Potions
 b - a potion of degeneration {unknown}
 d - a potion of lignification {unknown}
 e - a potion of curing {unknown}
 g - a potion of heal wounds {unknown}
 h - a potion of attraction {unknown}

Dungeon Overview and Level Annotations

Branches:
Dungeon (4/15)
 Temple: D:4-7

Altars:

Annotations:
D:4 Dowan, Duvessa


Message History

There is an open door here.
You open the door.
Duvessa, Sister of Dowan comes into view.
She is wielding a +0 short sword.
Found a stone staircase leading down.
You shoot an arrow. The arrow hits Duvessa.
Duvessa shouts!
Duvessa is lightly wounded.
You hear a shout!
Dowan, Brother of Duvessa comes into view.
He is wielding a +0 dagger.
You shoot an arrow.
The arrow hits Duvessa but does no damage.
Duvessa is lightly wounded.
Duvessa hits you with a +0 short sword. Duvessa hits you with a +0 short sword!
You shoot an arrow.
The arrow hits Duvessa but does no damage.
Duvessa is lightly wounded.
Duvessa barely misses you.
You shoot an arrow. The arrow hits Duvessa.
Duvessa is lightly wounded.
Dowan mumbles some strange words.
Dowan blinks!
Duvessa barely misses you.
You shoot an arrow. The arrow hits Duvessa.
Duvessa is moderately wounded.
Duvessa misses you.
You shoot an arrow. The arrow closely misses Duvessa.
The arrow hits Dowan.
Dowan is lightly wounded.
Dowan smirks and points a slender finger.
Duvessa hits you with a +0 short sword!
You shoot an arrow.
The arrow hits Duvessa but does no damage.
Duvessa is moderately wounded.
Duvessa hits you but does no damage.
You shoot an arrow. The arrow hits Duvessa.
Duvessa is moderately wounded.
Duvessa misses you.
You shoot an arrow.
The arrow hits Duvessa but does no damage.
Duvessa is moderately wounded.
Dowan barely misses you. Duvessa hits you with a +0 short sword.
You die...

..#
#...............#..
..
#...............#..
##'##...........#..
#...'...........#..
#...#....###)####..
##..#....#.........
##..#....#..(......
#...+....#.....##..
#e@.#....########..
##e##...........#..
...............#..
#...............#'#
...... ...........
..>..... ...........
....................
.....................
.##########


You could see Duvessa and Dowan.

Vanquished Creatures
  An adder (D:2)
  A dart slug (D:1)
  7 ball pythons
  A bat (D:1)
  5 endoplasms
  3 giant cockroaches
  3 hobgoblins (D:1)
  3 kobolds
  4 quokkas
  A frilled lizard (D:1)
  2 rats (D:1)
31 creatures vanquished.

Notes
Turn   | Place    | Note
-------+----------+-------------------------------------------
     0 | D:1      | qw the Deep Elf Hunter began the quest for the Orb.
     0 | D:1      | Reached XP level 1. HP: 12/12 MP: 3/3
     0 | D:1      | 0 ||| qw: Version: 0.3-a-9-g12657ce
     0 | D:1      | 0 ||| qw: Game counter: 3512
     0 | D:1      | 0 ||| qw: Always use a shield: true
     0 | D:1      | 0 ||| qw: God list: Okawaru
     0 | D:1      | 0 ||| qw: Allow faded altars: false
     0 | D:1      | 0 ||| qw: Do Orc after D:15 true
     0 | D:1      | 0 ||| qw: Do second Lair branch before Depths: true
     0 | D:1      | 0 ||| qw: Lair rune preference: random
     0 | D:1      | 0 ||| qw: Plans: Normal
     0 | D:1      | 0 ||| PLANNING D:1-11
   148 | D:1      | Reached XP level 2. HP: 16/16 MP: 4/4
   153 | D:1      | Reached skill level 6 in Ranged Weapons
   491 | D:1      | 491 ||| FLEEEEING.
   492 | D:1      | 492 ||| FLEEEEING.
   696 | D:1      | 696 ||| UPGRADING to amulet of guardian spirit.
   701 | D:1      | 701 ||| READING scroll labelled BAIRATW OSTRAMN.
   702 | D:1      | 702 ||| READING scroll labelled HAKAGI QUMN.
   705 | D:1      | 705 ||| DROPPING scroll of butterflies.
   782 | D:2      | Reached XP level 3. HP: 20/20 MP: 5/5
   862 | D:2      | Identified the +0 buckler of the Hippo {Dex+3 Slay+3}
   894 | D:2      | Reached skill level 7 in Ranged Weapons
   911 | D:2      | You fall into a shaft and drop 2 floors!
   996 | D:4      | Noticed Duvessa
   997 | D:4      | Noticed Dowan
  1002 | D:4      | HP: 3/20 [Duvessa/+0 short sword (6)]
  1005 | D:4      | Slain by Duvessa

Levels and vault maps discovered:
D:1:      scummos_arrival_forest, layout_loops_cross, minivault_4,
          minmay_split_cup_small
D:2:      cheibrodos_helix_gallery, layout_basic
D:4:      layout_gridville, zin_angel, kennysheep_little_box,
          gammafunk_ghost_smash, corexii_shack, uniq_duvessa

Skill      XL: |  1  2  3 |
---------------+----------+-----
Ranged Weapons | 6 7 |  7.0
Fighting       | |  1.5
Dodging        | |  2.4
Stealth        | |  1.2

Action                     || total
---------------------------++-------
   Fire: Shortbow          ||   103
    Use: Scroll            ||     2
 Armour: Leather armour    ||     2
  Dodge: Dodged            ||    23

Table legend:
 A = Non-vault XP
 B = Vault XP
 C = Vault XP percentage of total XP
 D = Non-vault monster count
 E = Vault monster count
 F = Vault count percentage of total count
                 A         B        C        D         E       F
            +---------+---------+-------+---------+---------+-------
      Total |      60 |       9 |  13.0 |      26 |       5 |  16.1
            +---------+---------+-------+---------+---------+-------
        D:1 |      35 |       5 |  12.5 |      18 |       3 |  14.3
        D:2 |      23 |       4 |  14.8 |       6 |       2 |  25.0
        D:4 |       2 |       0 |   0.0 |       2 |       0 |   0.0
            +---------+---------+-------+---------+---------+-------
